 Dungeon Crawl Stone Soup version 0.30-a0-737-gf23d94013f (webtiles) character file.

Game seed: 7758027608004870745

14 Leeroy the Grasshopper (level 2, -2/15 HPs)
             Began as a Vine Stalker Warper on Feb 1, 2023.
             Slain by a ball python (3 damage)
             ... on level 1 of the Dungeon.
             The game lasted 00:00:28 (76 turns).

Leeroy the Grasshopper (Vine Stalker Warper)          Turns: 76, Time: 00:00:29

Health: -2/15      AC:  3    Str: 13    XL:     2   Next: 41%
Magic:  0/6        EV:  8    Int: 13    God:
Gold:   0          SH:  0    Dex: 13    Spells: 5/5 levels left

rFire   . . .      SeeInvis .    a - +0 falchion
rCold   . . .      Faith    .    (no shield)
rNeg    . . .      Spirit   +    b - +0 leather armour
rPois   .          Reflect  .    (no helmet)
rElec   .          Harm     .    (no cloak)
rCorr   .          Rampage  .    (no gloves)
Will    .....                    (no boots)
Stlth   +                        (no amulet)
HPRegen 0.22/turn                (no ring)
MPRegen 0.10/turn                (no ring)

@: constricted
A: fangs 2, magic shield, antimagic bite, no potion heal 2
a: no special abilities


You were on level 1 of the Dungeon.
You visited 1 branch of the dungeon, and saw 1 of its levels.

Inventory:

Hand Weapons
 a - a +0 falchion (weapon)
Missiles
 d - 7 boomerangs of dispersal (quivered)
Armour
 b - a +0 leather armour (worn)
Scrolls
 c - a scroll of blinking
Potions
 e - a potion of curing {unknown}


   Skills:
 - Level 1.7 Fighting
 + Level 2.7 Long Blades
 - Level 0.8 Throwing
 - Level 0.7 Armour
 - Level 1.5 Dodging
 - Level 2.1 Spellcasting
 - Level 3.0 Translocations


You had 5 spell levels left.
You didn't know any spells.
Your spell library contained the following spells:

 Spells                   Type           Power      Damage    Failure   Level
 Blink                    Tloc           18%        N/A       14%         2
 Lesser Beckoning         Tloc           18%        N/A       14%         2
 Teleport Other           Tloc           9%         N/A       28%         3
 Vhi's Electric Charge    Tloc/Air       10%        N/A       45%         3
 Manifold Assault         Tloc           9%         N/A       67%         4


Dungeon Overview and Level Annotations

Branches:
Dungeon (1/15)

Altars:


Innate Abilities, Weirdness & Mutations

You have extremely sharp teeth.
When hurt, damage is shared between your health and your magic reserves.
Your bite disrupts and absorbs the magic of your enemies.
Potions cannot restore your health.


Message History

You closely miss the goblin. You bite the goblin, but do no damage.
The jackal bites you.
* * * LOW HITPOINT WARNING * * *
The ball python bites you but does no damage.
The ball python constricts you.
* * * LOW HITPOINT WARNING * * *
The goblin barely misses you.
You completely miss the goblin. Your bite misses the goblin.
The jackal bites you but does no damage.
The ball python bites you but does no damage.
The ball python constricts you. The jackal barely misses you.
The goblin closely misses you.
The ball python bites you but does no damage.
The ball python constricts you.
You completely miss the goblin. You bite the goblin. You drain its power.
You feel invigorated.
The goblin is moderately wounded.
The jackal closely misses you. The goblin hits you with a +0 dagger.
The ball python bites you but does no damage.
The ball python constricts you. The jackal barely misses you.
You slash the goblin!
You kill the goblin!
The bat hits you but does no damage. The ball python bites you.
* * * LOW HITPOINT WARNING * * *
The ball python constricts you.
You slash the jackal!
You kill the jackal!
The jackal bites you but does no damage.
The bat closely misses you. The ball python barely misses you.
The ball python constricts you.
The jackal bites you but does no damage.
The bat hits you but does no damage.
The ball python bites you but does no damage.
The ball python constricts you.
You barely miss the bat. Your bite misses the bat.
The bat is moderately wounded.
The bat closely misses you.
The jackal bites you but does no damage.
The ball python bites you.
You die...

#...#.# #.<.#.+ . #...#.#
....##'##.#####.#
..................
####.#####.##+##.. ### ##.#
#.# ###.. ##S.# +.# ......
#@h.# #.# #
.....####h#b#####.#####..#
#..?.^##g#.............#
.##...#.........##.....##..
.......†!..†.##...........#
#........###.##.#.##.#..###
#.#...).##....#.#.# .#.....
#...#............ .. ....
#####..##.........#.. ...


You could see 2 jackals, a hobgoblin, a bat and a ball python.

Vanquished Creatures
  A bat (D:1)
  A goblin (D:1)
  A hobgoblin (D:1)
  3 jackals (D:1)
  A quokka (D:1)
  A ball python (D:1)
  A frilled lizard (D:1)
  A kobold (D:1)
  3 rats (D:1)
13 creatures vanquished.

Notes
Turn   | Place    | Note
-------+----------+-------------------------------------------
     0 | D:1      | Leeroy the Vine Stalker Warper began the quest for the Orb.
     0 | D:1      | Reached XP level 1. HP: 11/11 MP: 4/4
    50 | D:1      | Reached XP level 2. HP: 11/15 MP: 4/6
    76 | D:1      | Slain by a ball python

Illustrated notes

Levels and vault maps discovered:
D:1:      minmay_arrival_four_houses, layout_rooms,
          shapermc_ecumenical_altar_pompeii, minmay_tetromino_i2

Skill      XL: |  1 |
---------------+----+-----
Long Blades    | 2 |  2.7
Fighting       | |  1.7
Throwing       | |  0.8
Armour         | |  0.7
Dodging        | |  1.5
Spellcasting   | |  2.1
Translocations | |  3.0

Action                     || total
---------------------------++-------
  Melee: Falchion          ||    38
         Bite              ||     9
         Punch             ||     1
 Armour: Leather armour    ||    40
  Dodge: Dodged            ||    68

Table legend: (Time is in decaauts)
 A = Elapsed time spent in this place.
 B = Non-inter-level travel time spent in this place.
 C = Inter-level travel time spent in this place.
 D = Time resting spent in this place.
 E = Time spent auto-exploring this place.
 F = Levels seen in this place.
 G = Mean time per level.
                   A        B        C        D        E       F      G
               +--------+--------+--------+--------+--------+-----+--------+
         Total |     82 |     82 |      0 |      0 |     16 |   1 |   82.0 |
       Dungeon |     82 |     82 |      0 |      0 |     16 |   1 |   82.0 |
               +--------+--------+--------+--------+--------+-----+--------+

Top non-repeatable levels by time:
     D:1: 82 daAuts
